 Dungeon Crawl Stone Soup version 0.19-a0-892-g8a19e52 (webtiles) character file.

843 Television the Cudgeler (level 8, -2/68 HPs)
             Began as a Ghoul Warper on July 4, 2016.
             Was a Follower of Okawaru.
             Slain by a gnoll
             ... wielding a +0 flail
              (8 damage)
             ... on level 5 of the Dungeon.
             The game lasted 00:10:29 (3674 turns).

Television the Cudgeler (Ghoul Warper)              Turns: 3674, Time: 00:10:30

Health: -2/68      AC:  5    Str: 17    XL:     8   Next: 0%
Magic:  9/9        EV: 11    Int:  8    God:    Okawaru [*.....]
Gold:   198        SH:  0    Dex:  8    Spells: 2 memorised, 7 levels left

rFire  . . .     SeeInvis .     n - +2 whip (elec)
rCold  + . .     Gourm    .     b - +0 leather armour
rNeg   + + +     Faith    .     (no shield)
rPois  ∞         Spirit   .     z - +0 helmet
rElec  .         Dismiss  .     v - +0 cloak
rCorr  .         Reflect  .     (no gloves)
SustAt .         Harm     .     (no boots)
MR     .....                    (no amulet)
Stlth  +.........               (no ring)
                                y - ring of flight

@: rotting, not resistant to hostile enchantments, very unstealthy
A: rotting body, claws 1, carnivore 3, cold resistance 1, negative energy
resistance 3, slow regeneration 1, torment resistance, unbreathing
a: Heroism, Renounce Religion, Evoke Flight


You were on level 5 of the Dungeon.
You worshipped Okawaru.
Okawaru was aware of your devotion.
You were not hungry.

You visited 1 branch of the dungeon, and saw 5 of its levels.

You collected 198 gold pieces.

Inventory:

Hand Weapons
 a - a +0 hand axe
 n - a +2 whip of electrocution (weapon)
 w - a +0 mace
Missiles
 e - 5 tomahawks of dispersal (quivered)
 A - 5 tomahawks
Armour
 b - a +0 leather armour (worn)
 v - a +0 cloak (worn)
 z - a +0 helmet (worn)
Jewellery
 y - a ring of flight (left claw)
Wands
 l - a wand of slowing (14/48)
Scrolls
 d - a scroll of blinking
 j - 3 scrolls of identify
 k - a scroll of fog
 m - a scroll of magic mapping
 p - 3 scrolls of recharging
 s - 2 scrolls of teleportation
 B - a scroll of immolation
Potions
 g - a potion of invisibility
 h - 9 potions of curing {unknown}
 i - 2 potions of ambrosia
 o - a potion of magic {unknown}
 r - 3 potions of haste
 t - a potion of lignification {unknown}
 u - a potion of degeneration {unknown}
 x - a potion of agility
Books
 c - a book of Spatial Translocations

   Spells                             Type                      Level
   a - Apportation                    Translocation                1
   b - Blink                          Translocation                2
   c - Shroud of Golubria             Charms/Translocation         2
   d - Portal Projectile              Translocation                3
   e - Teleport Other                 Translocation                3
   f - Passage of Golubria            Translocation                4
Comestibles
 f - 3 meat rations
 q - 2 royal jellies
 C - a chunk of flesh


   Skills:
 - Level 5.0 Fighting
 - Level 2.6(4.6) Axes
 * Level 5.9(6.2) Maces & Flails
 - Level 0.8 Throwing
 - Level 0.8 Armour
 - Level 1.7 Dodging
 - Level 1.7 Spellcasting
 * Level 3.7 Translocations


You had 7 spell levels left.
You knew the following spells:

 Your Spells              Type           Power        Failure   Level  Hunger
a - Apportation           Tloc           #.........   12%         1    ##.....
b - Blink                 Tloc           N/A          17%         2    ###....


Dungeon Overview and Level Annotations

Branches:
Dungeon (5/15)
 Temple: D:4-7

Altars:
Ashenzari
Okawaru
Sif Muna


Innate Abilities, Weirdness & Mutations

Your body is rotting away.
You thrive on raw meat.
You are immune to poison.
You have sharp fingernails.
You are carnivorous and can eat meat at any time.
Your flesh is cold resistant. (rC+)
You are immune to negative energy. (rN+++)
You regenerate slowly when monsters are visible.
You are immune to unholy pain and torment.
You can survive without breathing.


Message History

The gnoll barely misses you.
You continue eating.
The gnoll barely misses you.
You finish eating.
This raw flesh tastes great!
Unknown command.
You barely miss the gnoll.
The gnoll is moderately wounded.
You hit the gnoll.
The gnoll is moderately wounded.
The gnoll barely misses you.
You barely miss the gnoll.
The gnoll is moderately wounded.
The gnoll hits you with a flail.
* * * LOW HITPOINT WARNING * * *
You hit the gnoll but do no damage.
The gnoll is moderately wounded.
You barely miss the gnoll.
The gnoll is moderately wounded.
The gnoll hits you with a flail!
You die...

##.....#### #.....g.#..
#.......#.# ##....... .# #.#
........##.# ..# #.......# ..#
#####..#.>.## #.. .......###g#
.## ## # #.# ###...###@####..# ..
#. # #.# ##.....))......## #.###.
###.# #..##.##....#...##..##.
.##.## #..##.^#.#### #...#.##<
.....######....#...########....#.
..<.....#....#.##..............#.
##........##.#...................
##.###...##.#...................
#..# #.#..#.....................


You could see a gnoll.

Vanquished Creatures
  A phantom (D:3)
  An ogre (D:4)
  A giant frog (D:5)
  A howler monkey (D:4)
  A crimson imp (D:5)
  A centaur zombie (D:5)
  2 hounds
  An orc priest (D:3)
  An orc wizard (D:4)
  Crazy Yiuf (D:2)
  Jessica (D:3)
  Natasha (D:3)
  Terence (D:2)
  A worker ant (D:5)
  An iguana (D:4)
  A howler monkey zombie (D:5)
  Robin (D:3)
  6 gnolls (D:5)
  5 adders
  A worm (D:2)
  2 dart slugs
  A giant gecko (D:3)
  7 orcs
  6 giant cockroaches
  18 goblins
  16 hobgoblins
  A jackal (D:2)
  8 kobolds
  A quokka (D:3)
  A ball python (D:5)
  5 bats
  2 giant newts (D:2)
  A quokka skeleton (D:3)
  6 rats
105 creatures vanquished.

Notes
Turn   | Place    | Note
-------+----------+-------------------------------------------
     0 | D:1      | Television the Ghoul Warper began the quest for the Orb.
     0 | D:1      | Reached XP level 1. HP: 17/17 MP: 2/2
   156 | D:1      | Reached XP level 2. HP: 6/25 MP: 3/3
   632 | D:1      | Reached XP level 3. HP: 25/30 MP: 4/4
   819 | D:2      | Reached skill level 1 in Maces & Flails
  1020 | D:2      | Noticed Terence
  1032 | D:2      | Killed Terence
  1032 | D:2      | Reached XP level 4. HP: 31/38 MP: 5/5
  1524 | D:2      | Reached XP level 5. HP: 41/45 MP: 6/6
  1643 | D:2      | Found a runed door.
  1647 | D:2      | Noticed Crazy Yiuf
  1649 | D:2      | Killed Crazy Yiuf
  1692 | D:3      | Noticed a phantom
  1909 | D:3      | Noticed Jessica
  1921 | D:3      | Killed Jessica
  1984 | D:3      | Found a deep blue altar of Sif Muna.
  1990 | D:3      | Found a shattered altar of Ashenzari.
  2132 | D:4      | Reached XP level 6. HP: 47/52 MP: 7/7
  2137 | D:4      | Found an iron altar of Okawaru.
  2199 | D:4      | Became a worshipper of Warmaster Okawaru
  2336 | D:3      | Noticed Robin
  2371 | D:3      | Killed Robin
  2759 | D:3      | Killed a phantom
  2767 | D:3      | Reached XP level 7. HP: 52/60 MP: 8/8
  2776 | D:3      | Noticed Natasha
  2787 | D:3      | Killed Natasha
  2926 | D:4      | Reached skill level 5 in Fighting
  2926 | D:4      | Reached skill level 5 in Maces & Flails
  3155 | D:4      | Learned a level 2 spell: Blink
  3213 | D:4      | Reached * piety under Okawaru
  3311 | D:5      | Entered Level 5 of the Dungeon
  3661 | D:5      | Reached XP level 8. HP: 15/68 MP: 9/9
  3674 | D:5      | Slain by a gnoll

Vault maps used:
D:1:      wheals_arrival_linesprint
D:2:      minmay_diamond_boxcup, first_bread, minmay_small_reverse_x,
          uniq_terence, uniq_crazy_yiuf_cottage
D:3:      grunt_temple_overflow_open, uniq_jessica, uniq_robin, uniq_natasha
D:4:      okawaru_metal_pillars_3, grunt_ministairs_15
D:5:      basic_altar

Skill      XL: |  1  2  3  4  5  6  7 |
---------------+----------------------+-----
Axes           | 2 |  2.6
Maces & Flails | 2 3 4 5 |  5.9
Fighting       | 3 4 5 |  5.0
Translocations | 3 |  3.7
Throwing       | |  0.8
Armour         | |  0.8
Dodging        | |  1.7
Spellcasting   | |  1.7

Action                   |  1- 3 |  4- 6 |  7- 9 || total
-------------------------+-------+-------+-------++-------
Melee: Hand axe          |    62 |       |       ||    62
       Whip              |    78 |    87 |   122 ||   287
       Mace              |       |   115 |       ||   115
Evoke: Wand              |       |     4 |       ||     4
  Use: Potion            |     1 |       |       ||     1
       Scroll            |       |     9 |     1 ||    10
  Eat: Chunk             |    15 |    13 |    15 ||    43
Armor: Leather armour    |    28 |     2 |    11 ||    41
       Chain mail        |       |   117 |    27 ||   144
Dodge: Dodged            |    80 |    69 |    58 ||   207
